 Dungeon Crawl Stone Soup version 0.21-a0-264-g3e31e41 (webtiles) character file.

330 namelastname112 the Sneak (level 6, -2/51 HPs)
             Began as a Draconian Assassin on Sept 9, 2017.
             Slain by an ogre
             ... wielding a +0 giant club
              (14 damage)
             ... on level 4 of the Dungeon.
             The game lasted 00:04:25 (3476 turns).

namelastname112 the Sneak (Draconian Assassin)      Turns: 3476, Time: 00:04:26

Health: -2/51      AC: 10    Str: 14    XL:     6   Next: 26%
Magic:  6/6        EV: 12    Int: 11    God:
Gold:   146        SH:  4    Dex: 14    Spells: 5/5 levels left

rFire    . . .     SeeInvis .   a - +2 dagger
rCold    . . .     Gourm    .   p - +0 buckler
rNeg     . . .     Faith    .   (armour unavailable)
rPois    .         Spirit   .   (helmet restricted)
rElec    .         Reflect  .   c - +0 cloak
rCorr    .         Harm     .   D - +0 pair of gloves
MR       .....                  (no boots)
Stlth    +++.......             (no amulet)
HPRegen  0.17/turn              h - ring of wizardry
MPRegen  0.10/turn              r - +2 ring of protection

@: no status effects
A: unfitting armour, cold-blooded, AC +6
a: no special abilities


You were on level 4 of the Dungeon.
You were hungry.

You visited 1 branch of the dungeon, and saw 4 of its levels.

You collected 146 gold pieces.

Inventory:

Hand Weapons
 a - a +2 dagger (weapon)
 b - a +0 blowgun
Missiles
 d - 19 poisoned needles
 e - 2 curare-tipped needles
Armour
 c - a +0 cloak (worn)
 p - a +0 buckler (worn)
 D - a +0 pair of gloves (worn)
Jewellery
 h - a ring of wizardry (left hand)
 r - a +2 ring of protection (right hand)
Wands
 B - a wand of random effects (33/48)
Scrolls
 i - a scroll of enchant armour {unknown}
 j - a scroll of random uselessness {unknown}
 m - a scroll of fear {unknown}
 n - 6 scrolls of identify {unknown}
 o - a scroll of enchant weapon {unknown}
 q - a scroll of amnesia {unknown}
 t - a scroll of blinking {unknown}
 u - a scroll of immolation {unknown}
 w - 2 scrolls of teleportation {unknown}
 y - a scroll of recharging {unknown}
 z - 2 scrolls of remove curse {unknown}
Potions
 g - a potion of brilliance {unknown}
 k - 2 potions of heal wounds {unknown}
 l - a potion of resistance {unknown}
 s - a potion of might {unknown}
 x - a potion of mutation {unknown}
Comestibles
 f - 4 bread rations
 v - a meat ration
 C - a fruit


   Skills:
 + Level 3.2 Fighting
 * Level 4.0 Short Blades
 - Level 1.7 Throwing
 + Level 2.4 Dodging
 * Level 4.9 Stealth
 + Level 2.0 Shields


You had 5 spell levels left.
You didn't know any spells.

Dungeon Overview and Level Annotations

Branches:
Dungeon (4/15)
 Temple: D:4-7

Altars:
Nemelex Xobeh


Innate Abilities, Weirdness & Mutations

Your plain brown scales are hard. (AC +6)
You cannot fit into any form of body armour.
You are cold-blooded and may be slowed by cold attacks.


Message History

The hound bites you but does no damage. The ogre hits you with a giant club.
You take 6 damage, and have 26/51 hp.
You hit the ogre.
The ogre is severely wounded.
The hound bites you but does no damage. The hound bites you.
You take 1 damage, and have 25/51 hp.
You block the hound's attack.
There is a stone staircase leading up here.
You block the hound's attack.
Found a stone staircase leading down.
The ogre hits you with a giant club!
* * * LOW HITPOINT WARNING * * *
You take 13 damage, and have 12/51 hp.
MASSIVE DAMAGE!!
You hit the ogre.
The ogre is severely wounded.
You completely miss the ogre.
The ogre is severely wounded.
The ogre hits you with a giant club!
You die...

..# #.## ##. .
####.. .>. ..
..#.##.#
#.#######.#.#.#
#...........##
#......<.h..#
#.###....#O##.#
#.#.##@#
#.#.##.#
....##.#
##.###... ...
#.. 8... #...
#.## ..#


You could see an ogre and a hound.

Vanquished Creatures
  A jelly (D:2)
  An orc wizard (D:3)
  Robin (D:3)
  6 adders
  11 oozes
  7 worms
  5 dart slugs
  2 leopard geckos (D:3)
  4 orcs (D:3)
  11 bats
  2 giant cockroaches (D:1)
  31 goblins
  9 hobgoblins
  6 jackals
  14 kobolds
  2 quokkas
  4 frilled lizards
  5 rats
122 creatures vanquished.

Vanquished Creatures (others)
  A fungus (D:2)
  6 toadstools (D:2)
7 creatures vanquished.

Grand Total: 129 creatures vanquished

Notes
Turn   | Place    | Note
-------+----------+-------------------------------------------
     0 | D:1      | namelastname112 the Draconian Assassin began the quest for the Orb.
     0 | D:1      | Reached XP level 1. HP: 17/17 MP: 1/1
    32 | D:1      | Reached skill level 1 in Dodging
    98 | D:1      | Reached XP level 2. HP: 17/25 MP: 2/2
   317 | D:1      | Reached XP level 3. HP: 28/30 MP: 3/3
   976 | D:2      | Reached XP level 4. HP: 34/37 MP: 4/4
  1474 | D:2      | Reached skill level 1 in Shields
  1523 | D:2      | Reached XP level 5. HP: 25/44 MP: 5/5
  2519 | D:3      | Found a sparkling altar of Nemelex Xobeh.
  2800 | D:3      | Reached XP level 6. HP: 51/51 MP: 6/6
  3013 | D:3      | Noticed Robin
  3052 | D:3      | Killed Robin
  3476 | D:4      | Slain by an ogre

Vault maps used:
D:1:      lightli_arrival_maybe_door_vault, minmay_misc_feat_four_crosses
D:2:      cheibrodos_fertilizer
D:3:      cheibrodos_greedy_goblins, nemelex_xobeh_ov_fountains_minmay,
          first_bread, uniq_robin
D:4:      grunt_gozag_statues, uniq_pikel, uniq_edmund

Skill      XL: |  1  2  3  4  5  6 |
---------------+-------------------+-----
Dodging        | 1 2 |  2.4
Stealth        | 4 |  4.9
Short Blades   | 3 4 |  4.0
Shields        | 1 2 |  2.0
Fighting       | 3 |  3.2
Throwing       | |  1.7

Action                   |  1- 3 |  4- 6 || total
-------------------------+-------+-------++-------
Melee: Dagger            |    89 |   360 ||   449
       Tailslap          |     7 |    48 ||    55
 Stab: Sleeping          |    15 |     5 ||    20
  Eat: Chunk             |       |     8 ||     8
Armor: Skin              |    23 |   102 ||   125
Dodge: Dodged            |    49 |   147 ||   196
Block: Buckler           |     6 |    52 ||    58

Table legend:
 A = Spawn XP
 B = Non-spawn XP
 C = Spawn XP percentage of total XP
 D = Spawn monster count
 E = Non-spawn monster count
 F = Spawn count percentage of total count
 G = Total turns spent on level
                    A         B        C        D         E        F      G
               +---------+---------+-------+---------+---------+-------+---------
         Total |       0 |     472 |   0.0 |       0 |     122 |   0.0 |  3476
               +---------+---------+-------+---------+---------+-------+---------
           D:1 |       0 |      61 |   0.0 |       0 |      29 |   0.0 |   842
           D:2 |       0 |     224 |   0.0 |       0 |      44 |   0.0 |  1409
           D:3 |       0 |     187 |   0.0 |       0 |      49 |   0.0 |  1203
               +---------+---------+-------+---------+---------+-------+---------
